 Dungeon Crawl Stone Soup version 0.25.1-9-gc5326a611f (webtiles) character file.

Game seed: 851013482404330132

730 sankara the Chopper (level 7, -2/61 HPs)
             Began as a Minotaur Fighter on Jan 2, 2021.
             Slain by Menkaure (11 damage)
             ... on level 4 of the Dungeon.
             The game lasted 00:07:34 (3533 turns).

sankara the Chopper (Minotaur Fighter)              Turns: 3533, Time: 00:07:34

Health: -2/61      AC: 17    Str: 21    XL:     7   Next: 44%
Magic:  6/6        EV:  8    Int:  5    God:
Gold:   117        SH: 10    Dex: 11    Spells: 6/6 levels left

rFire    . . .     SeeInvis +   a - +0 war axe
rCold    . . .     Gourm    .   c - +0 kite shield
rNeg     . . .     Faith    .   D - +6 scale mail "Ytuo" {+Fly}
rPois    .         Spirit   .   (helmet restricted)
rElec    .         Reflect  .   b - +0 cloak
rCorr    .         Harm     .   i - +1 pair of gloves
MR       .....                  (no boots)
Stlth    ..........             (no amulet)
HPRegen  0.20/turn              r - ring of see invisible
MPRegen  0.10/turn              B - ring of attention (curse)

@: no status effects
A: retaliatory headbutt, horns 2
a: Evoke Flight


You were on level 4 of the Dungeon.
You were not hungry.

You visited 1 branch of the dungeon, and saw 4 of its levels.

You collected 117 gold pieces.

Inventory:

Hand Weapons
 a - a +0 war axe (weapon)
Missiles
 h - 45 stones (quivered)
 n - 8 atropa-tipped darts
 s - 2 boomerangs
 y - a throwing net
 C - 16 sling bullets
Armour
 b - a +0 cloak (worn)
 c - a +0 kite shield (worn)
 i - a +1 pair of gloves (worn)
 q - a +0 chain mail
 D - the +6 scale mail "Ytuo" (worn) {+Fly}
   (You found it on level 4 of the Dungeon)

   It lets you fly.
Jewellery
 r - a ring of see invisible (left hand)
 B - a cursed ring of attention (right hand)
Scrolls
 k - 4 scrolls of identify
 l - a scroll of magic mapping
 p - a scroll of amnesia {unknown}
 t - a scroll of fog {unknown}
 u - a scroll of remove curse {unknown}
 v - 3 scrolls of teleportation {unknown}
Potions
 d - a potion of might
 g - a potion of haste
 j - a potion of lignification {unknown}
 o - a potion of ambrosia {unknown}
 w - 2 potions of mutation {unknown}
 x - a potion of curing {unknown}
 A - a potion of brilliance {unknown}
Comestibles
 f - 8 rations
 m - 4 chunks of flesh


   Skills:
 - Level 5.0 Fighting
 * Level 6.9 Axes
 + Level 5.9 Armour
 + Level 5.9 Shields


You had 6 spell levels left.
You didn't know any spells.
Your spell library was empty.

Dungeon Overview and Level Annotations

Branches:
Dungeon (4/15)
 Temple: D:4-7

Altars:
Trog

Shops:
D:4 ?

Annotations:
D:4 Menkaure


Innate Abilities, Weirdness & Mutations

You reflexively headbutt those who attack you in melee.
You have a pair of horns on your head.


Message History

* * * LOW HITPOINT WARNING * * *
The ogre convulses!
The ogre completely misses you. You furiously retaliate!
You headbutt the ogre.
Menkaure calls on the powers of darkness!
Your body is wracked with pain!
* * * LOW HITPOINT WARNING * * *
The ogre convulses!
Menkaure hits you but does no damage.
You hit Menkaure.
Menkaure is lightly damaged.
You hit the ogre.
You kill the ogre!
Menkaure breathes soot at you.
Menkaure points at you and mumbles some strange words.
Pain shoots through your body!
* * * LOW HITPOINT WARNING * * *
You slash Menkaure!
Menkaure is heavily damaged.
Menkaure hits you!
You die...

..#..#.#,.........M.#***,,,,**,,,
>.##.#.#,*###..>....#*,,,,,,,,,,,
.#####.#,(#.........#*,,**,,***,,
......^#.........∩..#,,,*,,,,*,,,
########....###....##****,,,,,,,,
.#......##*,,*#...##### *,,,,,,,,
.........##.,##..##..^#**,,,,***,
#...>....##.##..)#...##,*,,,,**,*
...............M@....##,*,,*,,,,,
......P♣......#..)._.##,*,,*,,,**
......♣P......###....##,*,,,,,,,,
........♣........#...##,****,,,,,
.......♣...#.....##..+,**,,,,,,,,
...<......##......####***,,,,*<,*
..........##.......#####***,<*,,,
##....##..#............#****,,,,,
#....#...#............#,,**,**,,


You could see Menkaure (fast).

Vanquished Creatures
  3 ogres (D:4)
  2 crimson imps (D:4)
  4 orc priests (D:4)
  Crazy Yiuf (D:2)
  Natasha (thrice) (D:2)
  5 orc wizards (D:4)
  A worker ant (D:4)
  4 adders
  An adder skeleton (D:4)
  3 worms
  A leopard gecko (D:4)
  6 orcs (D:4)
  6 goblins
  6 hobgoblins
  8 jackals (D:3)
  3 kobolds (D:1)
  3 bats
  4 frilled lizards
  2 jackal skeletons (D:4)
  6 rats
72 creatures vanquished.

Notes
Turn   | Place    | Note
-------+----------+-------------------------------------------
     0 | D:1      | sankara the Minotaur Fighter began the quest for the Orb.
     0 | D:1      | Reached XP level 1. HP: 19/19 MP: 0/0
   177 | D:1      | Reached XP level 2. HP: 25/27 MP: 1/1
   341 | D:1      | Reached skill level 3 in Axes
   705 | D:2      | Found a runed translucent door.
   706 | D:2      | Noticed Crazy Yiuf
   743 | D:2      | Noticed Natasha
   752 | D:2      | Killed Natasha
   752 | D:2      | Reached XP level 3. HP: 31/33 MP: 2/2
   931 | D:2      | Noticed Natasha
   942 | D:2      | Killed Natasha
   942 | D:2      | Reached XP level 4. HP: 7/40 MP: 3/3
   946 | D:2      | Noticed Natasha
  1187 | D:2      | Killed Natasha
  1187 | D:2      | Reached skill level 4 in Axes
  1655 | D:2      | Killed Crazy Yiuf
  1781 | D:3      | Reached XP level 5. HP: 45/47 MP: 4/4
  2656 | D:4      | Reached skill level 5 in Axes
  2656 | D:4      | Reached XP level 6. HP: 49/55 MP: 5/5
  2787 | D:4      | Reached skill level 5 in Armour
  2828 | D:4      | Reached skill level 5 in Fighting
  2828 | D:4      | Reached skill level 5 in Shields
  2998 | D:4      | Reached skill level 6 in Axes
  3048 | D:4      | Reached XP level 7. HP: 31/61 MP: 6/6
  3474 | D:4      | Got an encrusted scale mail
  3485 | D:4      | Identified the +6 scale mail "Ytuo" {+Fly} (You found it on
                  | level 4 of the Dungeon)
  3499 | D:4      | Found a bloodstained altar of Trog.
  3513 | D:4      | Found Qeemenij's Magic Scroll Shop.
  3517 | D:4      | Noticed Menkaure
  3533 | D:4      | Slain by Menkaure

Illustrated notes

Levels and vault maps discovered:
D:1:      dpeg_arrival_round_b, layout_loops_cross
D:2:      layout_loops_cross, hangedman_abyss_or_decor_stabs,
          kennysheep_generic_room_4, uniq_natasha, uniq_crazy_yiuf_cottage
D:3:      layout_basic
D:4:      layout_cave_pools, serial_park, serial_park_tiny_1,
          serial_park_square3 [serial_park_minivault_5x5_7],
          serial_park_tiny_pond, serial_park_tiny_2, serial_shops, shop,
          wad_floor_pattern_2, corner_web_ring, trog_butcher_becter,
          uniq_menkaure

Skill      XL: |  1  2  3  4  5  6 |
---------------+-------------------+-----
Axes           | 3 4 5 6 |  6.9
Fighting       | 4 5 |  5.0
Armour         | 4 5 |  5.9
Shields        | 4 5 |  5.9

Action                   |  1- 3 |  4- 6 |  7- 9 || total
-------------------------+-------+-------+-------++-------
Melee: War axe           |    61 |   141 |    17 ||   219
       Headbutt          |    15 |    17 |     2 ||    34
  Use: Scroll            |       |       |     4 ||     4
       Potion            |       |       |     1 ||     1
 Stab: Distracted        |       |     1 |       ||     1
  Eat: Chunk             |       |     7 |     2 ||     9
Armor: Scale mail        |    23 |     1 |     2 ||    26
       Chain mail        |       |    72 |    16 ||    88
Dodge: Dodged            |    15 |    30 |     6 ||    51
Block: Kite shield       |    21 |    76 |     6 ||   103
